Map: Jagannatha LE

Players

SortOf

  • Race: Zerg Zerg

Krystianer - Winner!

  • Race: Protoss Protoss

Event: DreamHack SC2 Masters 2021 Fall

VOD

Have the link to the VOD?

Description

Time

  • Played on: Aug. 5, 2021, 10:16 a.m.
  • Length: 11:36

All games in this series

Show
View Real Time Build Order
Export as new Build Order

SortOf Zerg 

Build Orders: Hatch First 

Get SALT Encoding   

  12  0:00  Drone  
  13  0:12  Overlord  
  13  0:21  Drone  
  14  0:32  Drone x2  
  16  0:48  Drone x2  
  18  0:56  Hatchery  
  17  0:59  Drone  
  18  1:04  Extractor  
  17  1:14  Spawning Pool  
  16  1:18  Drone  
  16  1:25  Drone  
  18  1:29  Drone  
  19  1:39  Drone  
  20  1:50  Overlord  
  20  2:03  Queen  
  22  2:11  Queen  
  22  2:12  Zergling x2  
  22  2:13  Metabolic Boost  
  22  2:15  Zergling x2, Drone  
  26  2:20  Drone  
  28  2:25  Drone  
  29  2:31  Drone  
  30  2:40  Hatchery  
  29  2:46  Drone  
  29  2:49  Queen  
  32  2:52  Zergling x2  
  32  2:57  Zergling x4  
  35  2:59  Zergling x2  
  36  3:09  Overlord  
  36  3:18  Drone  
  36  3:23  Overlord  
  36  3:25  Spore Crawler  
  36  3:26  Drone  
  36  3:27  Queen  
  36  3:28  Drone x3  
  36  3:32  Drone  
  43  3:41  Queen  
  45  3:42  Overlord  
  45  3:46  Spore Crawler  
  44  3:51  Drone x3  
  44  3:52  Drone  
  48  3:56  Queen  
  48  4:01  Drone x2  
  53  4:02  Drone  
  53  4:03  Drone  
  53  4:07  Drone  
  55  4:11  Drone  
  55  4:12  Drone  
  57  4:17  Spore Crawler  
  57  4:22  Overlord  
  57  4:23  Drone x2  
  57  4:29  Roach Warren  
  57  4:30  Extractor, Zergling x4  
  57  4:32  Overlord  
  57  4:37  Overlord  
  57  4:41  Overlord  
  57  4:50  Drone x8  
  65  4:53  Drone x3  
  65  4:57  Evolution Chamber  
  66  5:01  Drone x2  
  66  5:04  Lair  
  68  5:07  Drone x2  
  68  5:13  Overlord  
  70  5:15  Queen, Extractor  
  70  5:19  Queen  
  72  5:22  Drone x3  
  75  5:29  Roach x3  
  75  5:32  Overlord  
  84  5:35  Roach x2  
  84  5:36  Roach  
  84  5:41  Roach x3  
  92  5:44  Roach  
  92  5:45  Overlord  
  92  5:49  Zergling x2, Roach  
  95  6:00  Roach x3  
  95  6:01  Roach x2  
  95  6:02  Queen  
  95  6:03  Zergling x2  
  103  6:05  Zergling x4  
  103  6:08  Zergling x2  
  103  6:09  Zergling x2  
  101  6:11  Drone x2  
  101  6:16  Drone  
  104  6:20  Drone  
  104  6:21  Glial Reconstitution  
  104  6:25  Queen  
  105  6:30  Drone x2  
  105  6:32  Queen  
  109  6:40  Drone  
  109  6:42  Overlord  
  109  6:46  Extractor, Drone x3, Evolution Chamber  
  111  6:49  Drone x3, Overlord  
  111  6:53  Overlord  
  114  6:58  Hatchery  
  113  7:04  Drone x6  
  114  7:13  Baneling Nest  
  114  7:14  Zerg Melee Weapons Level 1, Zergling x2, Drone x2  
  116  7:16  Spire  
  114  7:25  Extractor, Overlord  
  114  7:28  Zergling x6  
  116  7:30  Overlord  
  116  7:32  Extractor  
  115  7:38  Hatchery  
  115  7:40  Zergling x14  
  121  7:48  Drone x5  
  126  7:53  Overlord  
  126  7:55  Zergling x12  
  132  8:01  Ravager x6  
  132  8:03  Zergling x4  
  132  8:05  Baneling x5  
  140  8:10  Zergling x6  
  140  8:12  Baneling x3  
  140  8:17  Roach x2  
  131  8:21  Roach x5  
  131  8:24  Roach x2  
  142  8:31  Roach x2  
  142  8:32  Roach x2  
  140  8:35  Baneling  
  140  8:37  Roach  
  130  8:44  Roach x2  
  125  8:49  Roach x4  
  125  8:54  Roach x2  
  119  9:03  Roach x2  
  119  9:06  Drone x2  
  114  9:12  Roach  
  114  9:16  Ravager, Zergling x4  
  105  9:28  Drone x2  
  105  9:31  Drone, Hatchery  
  107  9:38  Drone x2  
  107  9:39  Drone  
  107  9:41  Drone  
  107  9:43  Hatchery  
  107  9:45  Drone x2  
  113  9:53  Drone x3  
  113  9:55  Extractor  
  113  9:57  Mutalisk  
  117  10:08  Zergling x6  
  117  10:13  Overseer  
  120  10:23  Zergling x6  
  120  10:26  Zergling x8  
  118  10:29  Mutalisk  
  118  10:30  Mutalisk  
  118  10:34  Zergling x2  
  109  10:41  Zergling x10  
  105  10:47  Roach  
  105  10:49  Roach x3  
  111  10:51  Roach  
  113  10:59  Zergling x6  
  116  11:07  Zergling x2  
  116  11:13  Roach x2  
  116  11:17  Zergling x2  
Show
View Real Time Build Order
Export as new Build Order

Krystianer Protoss - Winner!

Build Orders: 1 Gate Expand 

Get SALT Encoding   

  12  0:00  Probe  
  13  0:12  Probe  
  14  0:19  Pylon  
  14  0:24  Probe  
  15  0:37  Probe (Chrono Boost)  
  15  0:42  Gateway  
  16  0:47  Probe (Chrono Boost)  
  17  0:50  Assimilator  
  17  0:52  Probe (Chrono Boost)  
  18  1:04  Probe  
  19  1:16  Probe  
  20  1:27  Nexus  
  20  1:37  Cybernetics Core  
  20  1:40  Probe  
  20  1:45  Assimilator  
  21  1:52  Probe  
  22  1:55  Pylon  
  22  2:04  Probe  
  23  2:10  Adept (Chrono Boost)  
  25  2:16  Probe  
  25  2:21  Stargate  
  26  2:29  Probe (Chrono Boost)  
  27  2:30  Adept (Chrono Boost)  
  27  2:36  Warp Gate  
  29  2:39  Probe (Chrono Boost)  
  31  2:47  Probe (Chrono Boost)  
  31  2:49  Probe (Chrono Boost)  
  32  2:53  Adept, Probe (Chrono Boost)  
  32  2:54  Probe (Chrono Boost)  
  36  3:00  Void Ray (Chrono Boost)  
  36  3:05  Probe  
  37  3:06  Probe  
  42  3:21  Probe x2  
  42  3:24  Pylon  
  44  3:27  Gateway  
  44  3:33  Probe x2  
  46  3:36  Twilight Council  
  46  3:46  Gateway x2  
  46  3:48  Probe  
  47  3:49  Probe  
  47  3:51  Assimilator  
  48  3:57  Pylon  
  48  4:00  Probe  
  48  4:01  Probe  
  50  4:12  Probe  
  51  4:18  Pylon  
  51  4:23  Resonating Glaives (Chrono Boost)  
  51  4:24  Adept x2  
  55  4:33  Pylon  
  55  4:35  Nexus  
  55  4:46  Adept  
  55  4:47  Adept x3  
  55  4:49  Probe  
  64  4:54  Probe  
  63  5:01  Probe  
  63  5:06  Probe  
  63  5:07  Adept x4  
  63  5:10  Pylon  
  63  5:13  Probe  
  72  5:18  Probe  
  73  5:25  Probe  
  73  5:28  Adept x4  
  77  5:34  Robotics Facility  
  81  5:39  Probe x2 (Chrono Boost)  
  81  5:40  Robotics Facility  
  86  5:51  Probe x2 (Chrono Boost)  
  86  5:52  Adept x3  
  86  5:55  Probe (Chrono Boost)  
  92  5:57  Probe (Chrono Boost)  
  92  5:58  Probe (Chrono Boost)  
  92  6:00  Probe (Chrono Boost)  
  93  6:05  Probe  
  84  6:20  Gateway x2  
  84  6:26  Immortal (Chrono Boost)  
  84  6:28  Immortal (Chrono Boost)  
  84  6:32  Gateway  
  92  6:34  Gateway, Sentry x2  
  92  6:35  Pylon, Sentry  
  98  6:45  Pylon  
  98  6:51  Pylon  
  98  6:54  Warp Prism (Chrono Boost)  
  104  7:06  Immortal (Chrono Boost)  
  102  7:09  Adept x4  
  108  7:17  Pylon  
  108  7:18  Pylon  
  108  7:19  Adept  
  108  7:21  Immortal (Chrono Boost)  
  114  7:23  Adept  
  114  7:29  Adept  
  118  7:30  Adept x3  
  118  7:32  Assimilator  
  118  7:33  Pylon  
  124  7:39  Adept x2  
  124  7:40  Pylon, Adept  
  124  7:41  Pylon  
  130  7:48  Pylon  
  130  7:59  Adept  
  130  8:00  Adept x6  
  130  8:01  Probe  
  145  8:10  Pylon  
  133  8:22  Adept x6  
  133  8:23  Adept x2  
  111  8:43  Adept  
  111  8:44  Adept x7  
  111  8:45  Probe  
  104  9:06  Adept x8  
  116  9:11  Blink (Chrono Boost)  
  110  9:26  Probe  
  110  9:28  Assimilator  
  109  9:35  Probe  
  102  9:48  Stalker x3, Probe  
  102  9:49  Stalker x5  
  117  9:55  Probe x2  
  119  10:03  Pylon  
  119  10:13  Nexus  
  119  10:15  Pylon  
  119  10:23  Adept x4  
  119  10:24  Adept x4  
  131  10:30  Probe  
  131  10:31  Probe  
  131  10:33  Probe  
  128  10:36  Immortal  
  126  10:43  Probe  
  123  10:50  Stalker x5  
  123  10:54  Stalker  
  131  11:02  Stalker x2  
  135  11:04  Shield Battery  
  131  11:18  Adept x5  
  131  11:19  Adept  

Tags
 
Add a new tag
Caveats
  • Supply blocks, unpowered buildings, or Contaminate may cause inaccurate times.
  • Supply counts are checked every 10 seconds.